 Dungeon Crawl Stone Soup version 0.31-a0-702-gf82c85558f (webtiles) character file.

Game seed: 18135133747857342509

37 qw the Shooter (level 3, 0/22 HPs)
             Began as a Gargoyle Hunter on Sept 7, 2023.
             Slain by a worm (6 damage)
             ... on level 2 of the Dungeon.
             The game lasted 00:00:20 (717 turns).

qw the Shooter (Gargoyle Hunter)                     Turns: 717, Time: 00:00:20

Health: 0/22       AC:  8    Str: 14    XL:     3   Next: 39%
Magic:  3/3        EV: 11    Int:  9    God:
Gold:   119        SH:  0    Dex: 15    Spells: 2/2 levels left

rFire   . . .        Y - +0 shortbow
rCold   . . .        (shield currently unavailable)
rNeg    + . .        c - +0 leather armour
rPois   inf          f - +0 helmet
rElec   +            (no cloak)
rCorr   .            (no gloves)
SInv    .            i - +0 pair of boots
Will    .....        (no amulet)
Stlth   ++           (no ring)
HPRegen 0.23/turn    (no ring)
MPRegen 0.08/turn

%: no passive effects
@: no status effects
A: sickness immunity, AC +3, negative energy resistance 1, electricity
resistance, torment resistance 1, petrification resistance
a: no special abilities


You were on level 2 of the Dungeon.
You visited 1 branch of the dungeon, and saw 2 of its levels.

You collected 119 gold pieces.


Innate Abilities, Weirdness & Mutations

You are immune to sickness and miasma.
Your stone body is resilient. (AC +3)
You are immune to poison.
You resist negative energy. (rN+)
You are resistant to electric shocks. (rElec)
You are resistant to unholy torment.
You are immune to petrification.


   Skills:
 + Level 2.5 Fighting
 - Level 5.0 Ranged Weapons
 - Level 1.5 Dodging
 - Level 1.1 Stealth


You had 2 spell levels left.
You didn't know any spells.
Your spell library was empty.

Inventory:

Hand Weapons
 Y - a +0 shortbow (weapon)
Armour
 c - a +0 leather armour (worn)
 f - a +0 helmet (worn)
 i - a +0 pair of boots (worn)
Jewellery
 b - an amulet of faith
Scrolls
 a - a scroll of fear {unknown}
Potions
 h - a potion of attraction {unknown}

Dungeon Overview and Level Annotations

Branches:
Dungeon (2/15)

Altars:


Message History

The orc is severely wounded.
The hobgoblin hits you. The orc hits you but does no damage.
You shoot an arrow. The arrow hits the orc!
You kill the orc!
The hobgoblin misses you.
The hobgoblin hits you but does no damage.
You shoot an arrow. The arrow hits the worm.
The worm is lightly wounded.
The hobgoblin closely misses you.
The orc hits you from afar with a +0 trident.
You shoot an arrow. The arrow hits the worm!
The worm is heavily wounded.
The hobgoblin closely misses you. The orc hits you but does no damage.
The worm closely misses you.
You shoot an arrow. The arrow hits the worm!
The worm is severely wounded.
The orc barely misses you. The hobgoblin barely misses you.
The worm barely misses you.
You shoot an arrow.
The arrow hits the worm but does no damage.
The worm is severely wounded.
The hobgoblin barely misses you. The orc hits you but does no damage.
The orc grunts loudly, as Orcs often do.
The orc hits you from afar with a +0 trident.
The hobgoblin barely misses you. The worm completely misses you.
You shoot an arrow.
The arrow hits the worm but does no damage.
The worm is severely wounded.
The hobgoblin hits you but does no damage.
The orc hits you from afar with a +0 trident.
You shoot an arrow. The arrow hits the worm.
The worm is severely wounded.
The worm closely misses you.
The hobgoblin hits you but does no damage.
The orc hits you from afar with a +0 trident.
You shoot an arrow. The arrow hits the worm.
The worm is almost dead.
The orc closely misses you. The hobgoblin completely misses you.
The worm bites you.
You die...

##### #...# #...# ###
#...# .... #...## .....
#....##......
#....@g......
#...##wo..... #...#
#....).
############%..###...?..
#.......................
#.>........#######......
#........<.##### ##.#
#...........).... ..
#................


You could see a worm, an orc and a hobgoblin.

Vanquished Creatures
  2 dart slugs (D:1)
  4 orcs (D:2)
  3 ball pythons
  2 endoplasms (D:1)
  2 giant cockroaches (D:1)
  A goblin (D:1)
  3 hobgoblins
  2 quokkas (D:1)
  2 bats (D:1)
  3 kobolds
  2 rats (D:1)
26 creatures vanquished.

Notes
Turn   | Place    | Note
-------+----------+-------------------------------------------
     0 | D:1      | qw the Gargoyle Hunter began the quest for the Orb.
     0 | D:1      | Reached XP level 1. HP: 12/12 MP: 1/1
     0 | D:1      | 0 ||| qw: Version: 0.3-a-76-g4403597
     0 | D:1      | 0 ||| qw: Game counter: 749
     0 | D:1      | 0 ||| qw: Melee chars always use a shield: true
     0 | D:1      | 0 ||| qw: God list: Okawaru
     0 | D:1      | 0 ||| qw: Allow faded altars: false
     0 | D:1      | 0 ||| qw: Do Orc after clearing Dungeon:15 true
     0 | D:1      | 0 ||| qw: Do second Lair branch before Depths: true
     0 | D:1      | 0 ||| qw: Lair rune preference: random
     0 | D:1      | 0 ||| qw: Goals: Normal
     0 | D:1      | 0 ||| PLANNING D:1-11
   108 | D:1      | Reached XP level 2. HP: 17/17 MP: 2/2
   535 | D:1      | Reached XP level 3. HP: 21/21 MP: 3/3
   623 | D:1      | 623 ||| UPGRADING to +0 helmet.
   628 | D:1      | 628 ||| UPGRADING to +0 pair of boots.
   633 | D:1      | 633 ||| READING scroll labelled JUTAEZIKHLO.
   634 | D:1      | 634 ||| READING scroll labelled QUADOT BIWAB.
   635 | D:1      | 635 ||| DRINKING 2 red potions.
   636 | D:1      | 636 ||| DROPPING scroll of butterflies.
   685 | D:2      | Reached skill level 5 in Ranged Weapons
   705 | D:2      | HP: 4/22 [orc/+2 dagger of venom (5)]
   706 | D:2      | 706 ||| DRINKING potion of heal wounds.
   717 | D:2      | Slain by a worm

Levels and vault maps discovered:
D:1:      minmay_arrival_radiant_lines, layout_loops_ring
D:2:      layout_rooms, uniq_crazy_yiuf_cottage

Skill      XL: |  1  2  3 |
---------------+----------+-----
Ranged Weapons | 5 |  5.0
Fighting       | |  2.5
Dodging        | |  1.5
Stealth        | |  1.1

Action                     || total
---------------------------++-------
   Fire: Shortbow          ||    85
    Use: Scroll            ||     2
         Potion            ||     2
 Armour: Leather armour    ||    31
  Dodge: Dodged            ||    30

Table legend:
 A = Non-vault XP
 B = Vault XP
 C = Vault XP percentage of total XP
 D = Non-vault monster count
 E = Vault monster count
 F = Vault count percentage of total count
                 A         B        C        D         E       F
            +---------+---------+-------+---------+---------+-------
      Total |      53 |       0 |   0.0 |      26 |       0 |   0.0
            +---------+---------+-------+---------+---------+-------
        D:1 |      37 |       0 |   0.0 |      19 |       0 |   0.0
        D:2 |      16 |       0 |   0.0 |       7 |       0 |   0.0
            +---------+---------+-------+---------+---------+-------
